 Dungeon Crawl Stone Soup version 0.32-a0-872-g59262bdc9b (webtiles) character file.

Game seed: 4507566180178464570

1349 Fractals the Apothecary (level 8, -8/60 HPs)
             Began as a Demonspawn Alchemist on Mar 31, 2024.
             Mangled by an ogre
             ... wielding a +0 giant club
              (21 damage)
             ... on level 5 of the Dungeon.
             The game lasted 00:20:50 (5557 turns).

Fractals the Apothecary (Demonspawn Alchemist)      Turns: 5557, Time: 00:20:51

Health: -8/60      AC:  4    Str: 17    XL:     8   Next: 36%
Magic:  14/14      EV: 16    Int: 16    God:
Gold:   170        SH:  0    Dex: 13    Spells: 8/15 levels left

rFire   . . .        n - staff of air
rCold   . . .        (no shield)
rNeg    + . .        a - +0 robe
rPois   .            (helmet restricted)
rElec   +            (no cloak)
rCorr   .            (no gloves)
SInv    .            (no boots)
Will    .....        r - amulet of magic regeneration
Stlth   +++          c - ring of positive energy
HPRegen 0.30/turn    u - +6 ring of strength
MPRegen 0.54/turn

%: no passive effects
@: agile, wreathed by umbra
A: antennae 2, molten scales 1, powered by pain 1, foul shadow 1
a: no special abilities


You were on level 5 of the Dungeon.
You visited 1 branch of the dungeon, and saw 5 of its levels.

You collected 170 gold pieces.

Inventory:

Hand Weapons
 j - a +0 dagger
Armour
 a - a +0 robe (worn)
Magical Staves
 n - a staff of air (weapon)
Jewellery
 c - a ring of positive energy (left hand)
 r - an amulet of magic regeneration (around neck)
 u - a +6 ring of strength (right hand)
 x - a ring of protection from cold
Wands
 l - a wand of flame (10)
 p - a wand of paralysis (9)
 v - a wand of mindburst (19)
Scrolls
 f - 2 scrolls of teleportation
 g - 2 scrolls of fog
 i - a scroll of blinking {unknown}
 k - a scroll of identify
 m - a scroll of fear
 o - a scroll of enchant armour {unknown}
 q - a scroll of noise {unknown}
 s - a scroll of revelation {unknown}
 w - 2 scrolls of immolation {unknown}
Potions
 b - a potion of magic
 d - 3 potions of curing
 e - 2 potions of haste {unknown}
 h - a potion of ambrosia {unknown}
 t - a potion of might {unknown}


   Skills:
 - Level 4.0 Fighting
 - Level 3.0 Dodging
 - Level 3.0 Stealth
 + Level 4.0 Spellcasting
 - Level 3.0 Conjurations
 + Level 3.4 Air Magic
 - Level 6.0 Alchemy
 - Level 2.0 Evocations


You had 8 spell levels left.
You knew the following spells:

 Your Spells              Type           Power      Damage    Failure   Level
a - Sting                 Conj/Alch      68%        1d7       2%          1
b - Mercury Vapours       Alch/Air       54%        N/A       3%          2
c - Olgreb's Toxic Radia  Alch           22%        N/A       14%         4

Your spell library contained the following spells:

 Spells                   Type           Power      Damage    Failure   Level
 Cigotuvi's Dreadful Rot  Necr/Alch/Air  40%        N/A       7%          2
 Mephitic Cloud           Conj/Alch/Air  24%        N/A       9%          3
 Summon Small Mammal      Summ           12%        N/A       17%         1
 Sticky Flame             Fire/Alch      12%        2d5       43%         4
 Call Canine Familiar     Summ           3%         N/A       45%         3
 Teleport Other           Tloc           3%         N/A       45%         3
 Dispel Undead            Necr           3%         3d7       86%         4
 Martyr's Knell           Necr/Summ      3%         N/A       86%         4
 Summon Blazeheart Golem  Fire/Summ      3%         N/A       86%         4
 Dispersal                Tloc           1%         N/A       100%        6
 Gell's Gavotte           Tloc           1%         2d(12-17) 100%        6
 Orb of Destruction       Conj           6%         9d6       100%        7
 Spellforged Servitor     Conj/Summ      4%         N/A       100%        7


Dungeon Overview and Level Annotations

Branches:
Dungeon (5/15)
 Temple: D:4-7

Altars:
Cheibriados

Shops:
D:5 *

Portals:
Abyss: D:3

Annotations:
D:2 Ijyb
D:3 2 transporters, dialectric's ghost, amateur TrSh


Innate Abilities, Weirdness & Mutations

You have a pair of antennae on your head.
You are partially covered in molten scales. (AC +2)
You sometimes gain a little power by taking damage.
You are faintly shadowed, very rarely releasing foul flame when damaged in melee.


Message History

The ogre looks weaker.
Unknown command.
Aiming: Sting (safe; 2% risk of failure)
Press: ? - help, Q - select action, (/) - cycle Shift-Dir - straight line, f - ogre
Aim: an ogre, wielding a +0 giant club (asleep, weak, 100% to hit)
The sting hits the ogre.
The ogre is poisoned.
The ogre is lightly wounded.
The ogre shouts!
Aiming: Sting (safe; 2% risk of failure)
Press: ? - help, Q - select action, (/) - cycle Shift-Dir - straight line, f/p - ogre
Aim: an ogre, wielding a +0 giant club (lightly wounded, poisoned, weak, 88% to hit)
The sting misses the ogre.
Unknown command.
Aiming: Sting (safe; 2% risk of failure)
Press: ? - help, Q - select action, (/) - cycle Shift-Dir - straight line, f/p - ogre
Aim: an ogre, wielding a +0 giant club (lightly wounded, poisoned, weak, 88% to hit)
The sting misses the ogre.
Unknown command.
You hit the ogre but do no damage.
The ogre is lightly wounded.
The ogre hits you with a +0 giant club!
You completely miss the ogre.
The ogre is lightly wounded.
The ogre closely misses you.
You closely miss the ogre.
The ogre is lightly wounded.
You hit the ogre but do no damage.
The ogre is electrocuted.
The ogre is moderately wounded.
The ogre looks more healthy.
The ogre is no longer weakened.
The ogre hits you with a +0 giant club!
You hit the ogre.
The ogre is heavily wounded.
The ogre hits you with a +0 giant club!!
* * * LOW HITPOINT WARNING * * *
You focus on the pain.
You feel agile all of a sudden.
You hit the ogre.
The ogre is severely wounded.
The ogre hits you with a +0 giant club!!
You die...

#.....#####################.#.#
'...^.+.....................#.#
#.....######.################.#
####### #.## #.# # #..##### #.#
# ##.....# #.# # #.....# #.# #
#.....### # ####@...#
#...O†..|.# #)........#
#...$.....# #....[......
#...........# # #...........# #
#.......?.... # # #


You could see an ogre.

Vanquished Creatures
  Eustachio (D:4)
  3 black bears
  An ogre (D:5)
  A centaur (D:4)
  A phantom (D:4)
  A scorpion (D:5)
  A howler monkey (D:3)
  6 bombardier beetles
  A jelly (D:5)
  A hound (D:4)
  A sleepcap (D:5)
  An iguana (D:5)
  An orc wizard (D:4)
  Natasha (twice) (D:2)
  11 adders
  3 ribbon worms
  2 dart slugs (D:1)
  10 orcs
  9 ball pythons
  5 bats
  8 endoplasms
  4 giant cockroaches
  16 goblins
  6 hobgoblins
  6 jackals
  2 kobolds
  3 quokkas
  3 frilled lizards
  3 rats
113 creatures vanquished.

Notes
Turn   | Place    | Note
-------+----------+-------------------------------------------
     0 | D:1      | Fractals the Demonspawn Alchemist began the quest for the
                  | Orb.
     0 | D:1      | Reached XP level 1. HP: 13/13 MP: 3/3
   108 | D:1      | Reached skill level 1 in Fighting
   221 | D:1      | Gained mutation: You sometimes gain a little power by
                  | taking damage. [demonic ancestry]
   221 | D:1      | Reached XP level 2. HP: 21/21 MP: 3/5
   581 | D:1      | Reached XP level 3. HP: 26/27 MP: 3/6
   816 | D:2      | Learned a level 2 spell: Mercury Vapours
  1177 | D:2      | Noticed Natasha
  1177 | D:2      | Noticed Ijyb
  1270 | D:2      | Killed Natasha
  1271 | D:2      | Reached skill level 1 in Air Magic
  1271 | D:2      | Gained mutation: You are faintly shadowed, very rarely
                  | releasing foul flame when damaged in melee. [demonic
                  | ancestry]
  1271 | D:2      | Reached XP level 4. HP: 12/33 MP: 2/7
  1536 | D:2      | Noticed Natasha
  1569 | D:2      | Killed Natasha
  1784 | D:2      | Gained mutation: You are partially covered in molten
                  | scales. (AC +2) [demonic ancestry]
  1784 | D:2      | Reached XP level 5. HP: 31/38 MP: 7/9
  2549 | D:3      | Gained mutation: You have a pair of small antennae on your
                  | head. [demonic ancestry]
  2549 | D:3      | Reached XP level 6. HP: 46/46 MP: 7/11
  2577 | D:3      | Noticed dialectric's ghost (amateur TrSh)
  2580 | D:3      | Found a transporter.
  2583 | D:3      | Found a transporter.
  2717 | D:3      | Found a one-way gate to the infinite horrors of the Abyss.
  3035 | D:4      | Noticed Eustachio
  3101 | D:4      | Killed Eustachio
  3102 | D:4      | Reached skill level 4 in Alchemy
  3176 | D:4      | Reached XP level 7. HP: 27/52 MP: 11/13
  3681 | D:4      | Reached skill level 5 in Alchemy
  3953 | D:4      | Found a snail-covered altar of Cheibriados.
  4348 | D:4      | Learned a level 4 spell: Olgreb's Toxic Radiance
  4392 | D:4      | Found a faded altar of an unknown god.
  4392 | D:4      | Found the Hermit's Pendant {Faith Invo=14 Evo=0 MP+5}
  4818 | D:5      | Entered Level 5 of the Dungeon
  4940 | D:5      | Gained mutation: You have a pair of antennae on your head.
                  | [demonic ancestry]
  4940 | D:5      | Reached XP level 8. HP: 60/60 MP: 11/14
  5199 | D:5      | Reached skill level 6 in Alchemy
  5449 | D:5      | Found Kiuruex's Serpentskin Sales.
  5557 | D:5      | Mangled by an ogre

Illustrated notes

Levels and vault maps discovered:
D:1:      dpeg_arrival_shelter, layout_rooms, chequers_serial_rivers_large_a,
          minmay_misc_feat_rows
D:2:      kennysheep_the_goblin_king, layout_rooms, uniq_natasha
D:3:      layout_loops_ring, gammafunk_ghost_abyssal_escape
D:4:      layout_loops_cross, cheibrodos_worm_habitat,
          chequers_serial_rivers_micro_c, grunt_ministairs_10,
          hellmonk_guarded_unrand_hermit, uniq_eustachio
D:5:      layout_basic, minmay_misc_feat_plants, grunt_decor_mini_mirrors,
          guppyfry_shop_venom

Skill      XL: |  1  2  3  4  5  6  7  8 |
---------------+-------------------------+-----
Stealth        | 2 3 |  3.0
Fighting       | 1 2 3 4 |  4.0
Air Magic      | 1 2 3 |  3.4
Spellcasting   | 3 4 |  4.0
Alchemy        | 4 5 6 |  6.0
Dodging        | 2 3 |  3.0
Conjurations   | 2 3 |  3.0
Evocations     | 2 |  2.0

Action                     |  1- 3 |  4- 6 |  7- 9 || total
---------------------------+-------+-------+-------++-------
  Melee: Unarmed           |     7 |       |       ||     7
         Spear             |     8 |       |       ||     8
         Dagger            |    49 |   174 |    40 ||   263
         Staff             |       |       |    68 ||    68
   Cast: Sting             |    36 |    45 |    47 ||   128
         Mercury Vapours   |     2 |    13 |    23 ||    38
         Olgreb's Toxic Ra |       |       |     2 ||     2
  Evoke: Wand              |       |     7 |     1 ||     8
    Use: Scroll            |       |     4 |     3 ||     7
   Stab: Sleeping          |     1 |     7 |       ||     8
         Paralysed         |       |       |     1 ||     1
 Armour: Robe              |    39 |   116 |    80 ||   235
  Dodge: Dodged            |    44 |   132 |    63 ||   239

Table legend: (Time is in decaauts)
 A = Elapsed time spent in this place.
 B = Non-inter-level travel time spent in this place.
 C = Inter-level travel time spent in this place.
 D = Time resting spent in this place.
 E = Time spent auto-exploring this place.
 F = Levels seen in this place.
 G = Mean time per level.
                   A        B        C        D        E       F      G
               +--------+--------+--------+--------+--------+-----+--------+
         Total |   5586 |   5444 |    142 |   1506 |   2287 |   5 | 1117.2 |
       Dungeon |   5586 |   5444 |    142 |   1506 |   2287 |   5 | 1117.2 |
               +--------+--------+--------+--------+--------+-----+--------+

Top non-repeatable levels by time:
     D:4: 1856 daAuts
     D:2: 1147 daAuts
     D:3: 1017 daAuts
     D:1: 819 daAuts
     D:5: 746 daAuts
